 Dungeon Crawl Stone Soup version 0.27-a0-1188-g73eefd5def (webtiles) character file.

Game seed: 16229339348444591912

1745 bande the Shield-Bearer (level 9, -7/54 HPs)
             Began as a Gargoyle Fighter on May 22, 2021.
             Was a Follower of Okawaru.
             Mangled by a two-headed ogre
             ... wielding a +0 giant club
              (17 damage)
             ... on level 7 of the Dungeon.
             The game lasted 00:13:03 (7117 turns).

bande the Shield-Bearer (Gargoyle Fighter)          Turns: 7117, Time: 00:13:04

Health: -7/54      AC: 19    Str: 21    XL:     9   Next: 6%
Magic:  11/11      EV:  6    Int: 10    God:    Okawaru [*.....]
Gold:   246        SH: 11    Dex: 16    Spells: 8/8 levels left

rFire    . . .     SeeInvis +   a - +0 war axe
rCold    . . .     Faith    .   c - +0 kite shield
rNeg     + . .     Spirit   .   k - +0 chain mail
rPois    ∞         Reflect  .   (no helmet)
rElec    +         Harm     .   (no cloak)
rCorr    .         Rampage  .   i - +2 pair of gloves
Will     .....                  (no boots)
Stlth    ..........             (no amulet)
HPRegen  0.18/turn              e - ring of see invisible
MPRegen  0.12/turn              h - +6 ring of dexterity

@: no status effects
A: sickness immunity, AC +6, negative energy resistance 1, electricity
resistance, torment resistance 1, petrification resistance
a: Renounce Religion, Heroism


You were on level 7 of the Dungeon.
You worshipped Okawaru.
Okawaru was aware of your devotion.
You visited 2 branches of the dungeon, and saw 8 of its levels.

You collected 246 gold pieces.

Inventory:

Hand Weapons
 a - a +0 war axe (weapon)
 l - a +0 flail
Missiles
 t - 5 curare-tipped darts (quivered)
Armour
 c - a +0 kite shield (worn)
 i - a +2 pair of gloves (worn)
 k - a +0 chain mail (worn)
Jewellery
 e - a ring of see invisible (left hand)
 g - an amulet of magic regeneration
 h - a +6 ring of dexterity (right hand)
Wands
 p - a wand of flame (21)
 r - a wand of iceblast (9)
Scrolls
 f - 3 scrolls of identify
 o - a scroll of summoning
 q - a scroll of teleportation
 u - a scroll of amnesia
 v - a scroll of magic mapping {unknown}
Potions
 b - 2 potions of curing
 d - 2 potions of flight
 j - 3 potions of ambrosia
 m - a potion of heal wounds
 n - a potion of haste
 s - a potion of magic


   Skills:
 + Level 5.4 Fighting
 + Level 6.2 Axes
 + Level 6.1 Armour
 - Level 1.1 Dodging
 - Level 0.2 Stealth
 + Level 6.4 Shields
 * Level 2.9 Invocations
 * Level 2.3 Evocations


You had 8 spell levels left.
You didn't know any spells.
Your spell library contained the following spells:

 Spells                   Type           Power      Damage    Failure   Level
 Magic Dart               Conj           0%         1d3       100%        1
 Summon Small Mammal      Summ           0%         N/A       100%        1
 Blink                    Tloc           N/A        N/A       100%        2
 Call Imp                 Summ           0%         N/A       100%        2
 Slow                     Hex            0%         N/A       100%        2
 Call Canine Familiar     Summ           0%         N/A       100%        3
 Conjure Flame            Conj/Fire      0%         6-21      100%        3
 Mephitic Cloud           Conj/Pois/Air  0%         N/A       100%        3
 Summon Guardian Golem    Hex/Summ       0%         N/A       100%        3
 Summon Ice Beast         Ice/Summ       0%         N/A       100%        4
 Summon Lightning Spire   Summ/Air       0%         N/A       100%        4


Dungeon Overview and Level Annotations

Branches:
Dungeon (7/15)             Temple (1/1) D:5

Altars:
Ashenzari
Cheibriados
Dithmenos
Gozag
Hepliaklqana
Kikubaaqudgha
Makhleb
Nemelex Xobeh
Okawaru
Qazlal
Ru
Sif Muna
Trog
Uskayaw
Wu Jian
Yredelemnul
The Shining One

Shops:
D:4 [


Innate Abilities, Weirdness & Mutations

You are immune to sickness and miasma.
Your stone body is resilient. (AC +6)
You are immune to poison.
You resist negative energy. (rN+)
You are resistant to electric shocks. (rElec)
You are resistant to unholy torment.
You are immune to petrification.


Message History

You slash the killer bee!
You kill the killer bee!
Okawaru accepts your kill.
Things that are here:
a killer bee corpse; a killer bee corpse
Things that are here:
a killer bee corpse; a killer bee corpse You start resting.
Magic restored.
You start resting.
HP restored.
Found 29 stones.
Found a stone staircase leading down.
u - 2 scrolls labelled NURUATHR MALLA
As you read the scroll labelled NURUATHR MALLA, it crumbles to dust.
It is a scroll of amnesia.
You feel forgetful for a moment.
v - a scroll labelled SOCOPLO TECH A two-headed ogre comes into view.
It is wielding two +0 giant clubs.
The two-headed ogre shouts in stereo!
You block the two-headed ogre's attack.
The two-headed ogre hits you with a +0 giant club.
You hit the two-headed ogre.
The two-headed ogre is lightly wounded.
The two-headed ogre hits you with a +0 giant club!
You block the two-headed ogre's attack.
You hit the two-headed ogre.
The two-headed ogre is lightly wounded.
The two-headed ogre hits you with a +0 giant club.
You block the two-headed ogre's attack.
You completely miss the two-headed ogre.
The two-headed ogre is lightly wounded.
The two-headed ogre barely misses you.
The two-headed ogre hits you with a +0 giant club!
You slash the two-headed ogre!
The two-headed ogre is moderately wounded.
The two-headed ogre hits you with a +0 giant club!
* * * LOW HITPOINT WARNING * * *
The two-headed ogre hits you with a +0 giant club!
You die...

##.###
#..## #...#
# ##..#..
#. #..# #.
#.# ...#
#..# )..##
#..## ....#
#O.##
###....#
#@.## #
#...# ##..#
#### ###
##..#
##.####..##
##......###
##..######
#######..##
##.......##
#...######


You could see a two-headed ogre.

Vanquished Creatures
  Sigmund (D:2)
  A black bear (D:6)
  A sky beast (D:5)
  A necrophage (D:4)
  2 centaurs
  2 bullfrogs (D:6)
  2 scorpions
  3 killer bees (D:7)
  2 howler monkeys (D:6)
  A bullfrog zombie (D:5)
  A centaur zombie (D:7)
  4 hounds
  2 jellies (D:5)
  A bullfrog skeleton (D:6)
  3 orc priests
  A gnoll shaman (D:5)
  Jessica (D:2)
  2 iguanas
  An orc wizard (D:6)
  A hound skeleton (D:5)
  3 howler monkey zombies
  3 gnolls (D:5)
  5 adders
  A white imp (D:6)
  An adder skeleton (D:5)
  A worm (D:2)
  3 dart slugs
  14 orcs
  4 endoplasms
  2 giant cockroaches
  3 goblins
  5 hobgoblins
  8 jackals
  5 kobolds
  A quokka (D:4)
  7 ball pythons
  3 bats (D:1)
  2 frilled lizards (D:1)
  7 rats
111 creatures vanquished.

Notes
Turn   | Place    | Note
-------+----------+-------------------------------------------
     0 | D:1      | bande the Gargoyle Fighter began the quest for the Orb.
     0 | D:1      | Reached XP level 1. HP: 14/14 MP: 1/1
   269 | D:1      | Reached XP level 2. HP: 19/19 MP: 2/2
   760 | D:2      | Noticed Jessica
   830 | D:2      | Killed Jessica
   831 | D:2      | Reached XP level 3. HP: 23/24 MP: 3/3
   848 | D:2      | Noticed Sigmund
   870 | D:2      | Killed Sigmund
   871 | D:2      | Reached XP level 4. HP: 2/29 MP: 4/4
   871 | D:2      | Reached XP level 5. HP: 3/33 MP: 5/5
  1445 | D:2      | Reached XP level 6. HP: 32/38 MP: 6/6
  1542 | D:2      | Found a hazy altar of Hepliaklqana.
  2139 | D:3      | Reached skill level 1 in Dodging
  2483 | D:4      | Noticed a necrophage
  2492 | D:4      | Killed a necrophage
  2515 | D:4      | Found a stormy altar of Qazlal.
  2578 | D:4      | Found Koran's Armour Shop.
  2828 | D:4      | Reached XP level 7. HP: 40/43 MP: 7/7
  2859 | D:4      | Reached skill level 5 in Shields
  2957 | D:4      | Found a snail-covered altar of Cheibriados.
  3009 | D:5      | Entered Level 5 of the Dungeon
  3097 | D:5      | Found a staircase to the Ecumenical Temple.
  3106 | Temple   | Entered the Ecumenical Temple
  3294 | Temple   | Became a worshipper of Warmaster Okawaru
  3864 | D:6      | Reached skill level 5 in Armour
  4610 | D:5      | Reached skill level 5 in Axes
  4924 | D:5      | Reached XP level 8. HP: 28/48 MP: 8/8
  5073 | D:5      | Reached skill level 5 in Fighting
  5490 | D:6      | Reached skill level 1 in Invocations
  5684 | D:6      | Reached skill level 1 in Evocations
  5788 | D:6      | Found a shimmering blue altar of Sif Muna.
  6499 | D:6      | Reached * piety under Okawaru
  6963 | D:7      | Reached XP level 9. HP: 46/54 MP: 9/11
  7111 | D:7      | Noticed a two-headed ogre
  7117 | D:7      | Mangled by a two-headed ogre

Illustrated notes

Levels and vault maps discovered:
D:1:      saegor_arrival_under_anarchy, layout_basic
D:2:      layout_loops_ring, basic_altar, chequers_serial_rivers_micro_c,
          uniq_sigmund, uniq_jessica
D:3:      layout_rooms, minmay_misc_feat_five
D:4:      layout_basic, lemuel_round_altar, lemuel_doored_altar, serial_shops,
          shop
D:5:      layout_basic, minmay_temple_entry_wispy, columned_hall_lemuel,
          grunt_ministairs_9
D:6:      layout_basic, overflow_temple_1_default
D:7:      layout_layer_cave, lemuel_crystal_altar, uniq_crazy_yiuf_cottage
Temple:   regret_index_temple_generic_petals

Skill      XL: |  1  2  3  4  5  6  7  8 |
---------------+-------------------------+-----
Axes           | 2 3 4 5 6 |  6.2
Fighting       | 4 5 |  5.4
Armour         | 4 5 6 |  6.1
Shields        | 4 5 6 |  6.4
Dodging        | 1 |  1.1
Invocations    | 2 |  2.9
Evocations     | 2 |  2.3
Stealth        | |  0.2

Action                   |  1- 3 |  4- 6 |  7- 9 || total
-------------------------+-------+-------+-------++-------
Melee: War axe           |    69 |   135 |   275 ||   479
  Use: Potion            |     1 |     1 |     1 ||     3
       Scroll            |       |     8 |     4 ||    12
Armor: Scale mail        |    54 |    14 |       ||    68
       Chain mail        |       |    88 |   232 ||   320
Dodge: Dodged            |    22 |    42 |   100 ||   164
Block: Kite shield       |    33 |    84 |   193 ||   310

Table legend: (Time is in decaauts)
 A = Elapsed time spent in this place.
 B = Non-inter-level travel time spent in this place.
 C = Inter-level travel time spent in this place.
 D = Time resting spent in this place.
 E = Time spent auto-exploring this place.
 F = Levels seen in this place.
 G = Mean time per level.
                   A        B        C        D        E       F      G
               +--------+--------+--------+--------+--------+-----+--------+
         Total |   7355 |   7236 |    119 |   1722 |   4236 |   8 |  919.4 |
       Dungeon |   7078 |   6999 |     79 |   1722 |   4035 |   7 | 1011.1 |
        Temple |    276 |    236 |     40 |      0 |    201 |   1 |  276.0 |
               +--------+--------+--------+--------+--------+-----+--------+

Top non-repeatable levels by time:
     D:6: 1747 daAuts
     D:5: 1746 daAuts
     D:1: 1040 daAuts
     D:2: 843 daAuts
     D:4: 686 daAuts
     D:3: 555 daAuts
     D:7: 459 daAuts
  Temple: 276 daAuts
